 Dungeon Crawl Stone Soup version 0.19.5 (webtiles) character file.

697 Lizzreth the Fighter (level 7, -11/69 HPs)
             Began as a Minotaur Chaos Knight on Mar 16, 2017.
             Killed themself with a bounced orb of electricity (29 damage)
             ... on level 4 of the Dungeon.
             The game lasted 00:15:24 (3529 turns).

Lizzreth the Fighter (Minotaur Chaos Knight)        Turns: 3529, Time: 00:15:25

Health: -11/69     AC: 11    Str: 18 (19) XL:     7   Next: 38%
Magic:  6/6        EV:  5    Int:  8 (9)  God:    Xom [.*....]
Gold:   785        SH:  0    Dex:  7 (9)  Spells: 0 memorised, 6 levels left

rFire  . . .     SeeInvis .     a - +0 falchion (chaos)
rCold  . . .     Gourm    .     o - +0 plate armour
rNeg   . . .     Faith    .     (no shield)
rPois  .         Spirit   .     (helmet restricted)
rElec  .         Reflect  .     (no cloak)
rCorr  .         Harm     .     (no gloves)
MR     .....                    (no boots)
Stlth  ..........               (no amulet)
                                (no ring)
                                (no ring)

@: no status effects
A: retaliatory headbutt, horns 2
a: Renounce Religion


You were on level 4 of the Dungeon.
You worshipped Xom.
You were a plaything of Xom.
You were not hungry.

You visited 1 branch of the dungeon, and saw 4 of its levels.

You collected 785 gold pieces.

Inventory:

Hand Weapons
 a - a +0 falchion of chaos (weapon)
Missiles
 q - 64 stones (quivered)
Armour
 b - a +2 leather armour
 l - a +0 ring mail
 m - a +0 scale mail
 o - a +0 plate armour (worn)
Jewellery
 w - a -2 ring of strength
Scrolls
 f - 4 scrolls of remove curse
 h - 2 scrolls of identify {unknown}
 i - a scroll of random uselessness {unknown}
 j - a scroll of blinking {unknown}
 k - 2 scrolls of recharging {unknown}
 v - a scroll of immolation {unknown}
Potions
 n - a potion of cure mutation
 t - a potion of lignification
Miscellaneous
 p - a disc of storms
Comestibles
 c - 5 bread rations
 d - 2 meat rations
 s - 5 fruits


   Skills:
 + Level 8.5 Fighting
 - Level 7.0 Long Blades
 - Level 2.4 Armour
 - Level 1.1 Dodging


You had 6 spell levels left.
You didn't know any spells.

Dungeon Overview and Level Annotations

Branches:
Dungeon (4/15)             Temple (0/1) D:4

Altars:
Trog


Innate Abilities, Weirdness & Mutations

You reflexively headbutt those who attack you in melee.
You have a pair of horns on your head.


Message History

Your headbutt misses the quasit.
The quasit bites you but does no damage.
The quasit claws you but does no damage.
The quasit barely misses you.
The quasit bites you but does no damage.
The quasit claws you. x2
The quasit bites you but does no damage.
The quasit claws you but does no damage. x2
The disc erupts in an explosion of electricity!
The orb of electricity explodes!
The orb of electricity engulfs you!
* * * LOW HITPOINT WARNING * * *
The orb of electricity engulfs the quasit.
You kill the quasit!
The orb of electricity engulfs the quasit.
You kill the quasit!
The orb of electricity engulfs the quasit.
The quasit is moderately wounded.
The orb of electricity explodes!
The orb of electricity engulfs you!
You die...
Xom laughs nastily!

..............####........#
## ....))###.#.<.##
#........# #
##.#.<.##...#..# ####.#####
# ##.........###.####...# #
................##..### #
.........#####.....#######
#
..........................
# .........#####)#.5.######
# ..........####>.@#..# ##
..............)####.## .#
.........###...####..# .#
.............#...###.## .#
.#.....###............###
.# .##..###
#.####..###....###### .#
#... #.#
#.)...##)......##.# ...##
...####.###.)....##..#..#
...#?
#................###...##


You could see a quasit.

Vanquished Creatures
  The ghost of Azzok the Archer, an amateur CeHu (D:4)
  A phantom (D:4)
  An ogre (D:3)
  A water moccasin skeleton (D:4)
  An orc priest (D:4)
  2 orc wizards (D:4)
  Natasha (twice) (D:2)
  A worker ant (D:4)
  11 gnolls
  An adder (D:3)
  4 worms
  2 leopard geckos
  5 orcs
  A giant cockroach (D:2)
  4 goblins
  8 hobgoblins
  9 kobolds
  A ball python (D:1)
  6 bats
  2 frilled lizards
  A jackal skeleton (D:4)
  5 rats
70 creatures vanquished.

Notes
Turn   | Place    | Note
-------+----------+-------------------------------------------
     0 | D:1      | Lizzreth the Minotaur Chaos Knight began the quest for the Orb.
     0 | D:1      | Reached XP level 1. HP: 19/19 MP: 0/0
    69 | D:1      | XOM: butterfly on damage
   260 | D:1      | Reached XP level 2. HP: 26/26 MP: 1/1
   567 | D:1      | XOM: harmless Divn miscast
   713 | D:1      | XOM: mild Chrm miscast
   836 | D:1      | XOM: harmless Summ miscast
   999 | D:2      | Reached skill level 5 in Long Blades
  1058 | D:2      | Reached XP level 3. HP: 28/31 MP: 2/2
  1366 | D:2      | Noticed Natasha
  1379 | D:2      | Killed Natasha
  1379 | D:2      | Reached XP level 4. HP: 26/39 MP: 3/3
  1569 | D:2      | XOM: god gift: disc of storms
  1656 | D:2      | XOM: god gift: 19 stones
  1955 | D:2      | Noticed Natasha
  1970 | D:2      | Killed Natasha
  2301 | D:3      | Reached XP level 5. HP: 45/45 MP: 4/4
  2403 | D:3      | Found a faded altar of an unknown god.
  2551 | D:3      | XOM: god gift: 580 gold pieces
  2627 | D:3      | Found a bloodstained altar of Trog.
  2679 | D:4      | Noticed an ogre
  2684 | D:3      | Killed an ogre
  2684 | D:3      | Reached skill level 5 in Fighting
  2855 | D:4      | Reached XP level 6. HP: 49/56 MP: 5/5
  2879 | D:4      | XOM: confuse monster(s)
  2885 | D:4      | XOM: enchant monster (bad)
  2900 | D:4      | Noticed Azzok's ghost (amateur CeHu)
  2910 | D:4      | XOM: enchant monster (bad)
  2920 | D:4      | Killed Azzok's ghost
  2920 | D:4      | Reached skill level 6 in Fighting
  2939 | D:4      | Reached skill level 7 in Fighting
  3091 | D:4      | Reached XP level 7. HP: 67/67 MP: 6/6
  3126 | D:4      | XOM: harmless Summ miscast
  3140 | D:4      | Found a staircase to the Ecumenical Temple.
  3145 | D:4      | XOM: noise
  3342 | D:4      | Reached skill level 8 in Fighting
  3522 | D:4      | XOM: summons 3 hostile demons
  3529 | D:4      | Killed themself with a bounced orb of electricity

Skill      XL: |  1  2  3  4  5  6  7 |
---------------+----------------------+-----
Long Blades    | 4 5 6 7 |  7.0
Fighting       | 5 7 8 |  8.5
Armour         | |  2.4
Dodging        | |  1.1

Action                   |  1- 3 |  4- 6 |  7- 9 || total
-------------------------+-------+-------+-------++-------
Melee: Falchion          |    76 |   109 |    54 ||   239
       Headbutt          |    12 |    10 |     9 ||    31
Throw: Stone             |       |     1 |       ||     1
  Use: Potion            |       |     5 |     2 ||     7
       Scroll            |       |     2 |       ||     2
 Stab: Confused          |     1 |       |       ||     1
       Petrifying        |     1 |       |       ||     1
  Eat: Bread ration      |     1 |       |       ||     1
       Chunk             |       |     2 |     2 ||     4
Armor: Leather armour    |    25 |       |       ||    25
       Plate armour      |    13 |    66 |    50 ||   129
       Skin              |       |    11 |       ||    11
Dodge: Dodged            |    44 |    25 |    20 ||    89
       Rpst.: Falchion   |    15 |     5 |     3 ||    23
